 Dungeon Crawl Stone Soup version 0.21.1-1-g345015fe64 (webtiles) character file.

3257 Imdi the Cleaver (level 10, -1/79 HPs)
             Began as a Formicid Fighter on Mar 5, 2018.
             Was a Believer of Okawaru.
             Splashed by an acid dragon's acid (14 damage)
             ... on level 7 of the Dungeon.
             The game lasted 00:48:50 (8414 turns).

Imdi the Cleaver (Formicid Fighter)                 Turns: 8414, Time: 00:48:50

Health: -1/79      AC: 13    Str: 23    XL:     10   Next: 19%
Magic:  10/10      EV:  6    Int:  8    God:    Okawaru [**....]
Gold:   347        SH: 17    Dex: 11    Spells: 9/9 levels left

rFire    . . .     SeeInvis +   a - +0 war axe
rCold    . . .     Gourm    .   r - +0 large shield
rNeg     . . .     Faith    .   q - +0 chain mail
rPois    .         Spirit   .   (helmet unavailable)
rElec    .         Reflect  .   (no cloak)
rCorr    .         Harm     .   p - +0 pair of gloves
MR       +....                  u - +0 pair of boots
Stlth    ..........             (no amulet)
HPRegen  0.23/turn              (no ring)
MPRegen  0.12/turn              (no ring)

@: very slightly contaminated, invisible
A: permanent stasis, dig shafts and tunnels, four strong arms, antennae 3
a: Dig, Shaft Self, Heroism, Renounce Religion


You were on level 7 of the Dungeon.
You worshipped Okawaru.
Okawaru was pleased with you.
You were hungry.

You visited 2 branches of the dungeon, and saw 8 of its levels.

You collected 473 gold pieces.
You spent 126 gold pieces at shops.

Inventory:

Hand Weapons
 a - a +0 war axe (weapon)
 b - a +0 hunting sling
Missiles
 h - 57 sling bullets
 l - 13 arrows
Armour
 p - a +0 pair of gloves (worn)
 q - a +0 chain mail (worn)
 r - a +0 large shield (worn)
 u - a +0 pair of boots (worn)
Jewellery
 i - an uncursed ring of magical power {unknown}
Wands
 t - a wand of acid (8)
 w - a wand of enslavement (17)
 x - a wand of flame (27)
Scrolls
 c - 2 scrolls of vulnerability
 m - a scroll of amnesia
 n - a scroll of enchant armour {unknown}
 s - 2 scrolls of remove curse {@r2}
 y - a scroll of identify {@r1}
Potions
 d - a potion of might
 e - 6 potions of curing {@q1}
 g - 2 potions of flight
 j - a potion of heal wounds
 v - a potion of degeneration {unknown}
 z - a potion of magic {unknown}
Comestibles
 f - 7 rations {@e8}


   Skills:
 + Level 7.5 Fighting
 * Level 9.0 Axes
 + Level 7.5 Armour
 + Level 8.2 Shields


You had 9 spell levels left.
You didn't know any spells.

Dungeon Overview and Level Annotations

Branches:
Dungeon (7/15)             Temple (1/1) D:5

Altars:
Ashenzari
Cheibriados
Dithmenos
Elyvilon
Fedhas
Gozag
Hepliaklqana
Kikubaaqudgha
Makhleb
Nemelex Xobeh
Okawaru
Ru
Sif Muna
Trog
Vehumet
Wu Jian
Xom
Zin
The Shining One

Shops:
D:5 [

Annotations:
D:3 exclusion: downstairs


Innate Abilities, Weirdness & Mutations

You cannot be hasted, slowed, berserked, paralysed or teleported.
You can dig through walls and to a lower floor.
Your four strong arms can wield two-handed weapons with a shield.
You have a pair of large antennae on your head. (SInv)


Message History

You slash the acid dragon!
The acid dragon is almost dead.
The acid dragon bites you.
* * * LOW HITPOINT WARNING * * *
You block the acid dragon's attack.
You take 1 damage.
You barely miss the acid dragon.
The acid dragon is almost dead.
The acid dragon closely misses you. You block the acid dragon's attack.
You barely miss the acid dragon.
The acid dragon is almost dead.
You block the acid dragon's attack. x2
You closely miss the acid dragon.
The acid dragon is almost dead.
You block the acid dragon's attack. x2
The acid dragon spits acid at you. The splash of acid hits you!
* * * LOW HITPOINT WARNING * * *
You are splashed with acid!
The acid burns!
You die...

########.#.###....
...........###....
.......#..........
##+#####.....###....
#.
#.#.#.######...#....
#. .#.#.## ###..#...
.. #.#.#.# ##.....
#. #D#.#.#####
##.### .D
#@#.#....## #..## §#
#.#.####..## ##.#.
§# .#.#. ##..# #.#.
.# .#.#.#.# ##.#
#... .# .#.#.## #.#
#... ## ##'# ##
####.#####.. # {
##.# ##....(..##.. #
...# #...###(..#.. #
# #
#..###.....##..#..


You could see an acid dragon.

Vanquished Creatures
  The ghost of davido123 the Chopper, a novice TrBe of Trog (D:6)
  Grinder (D:6)
  A hippogriff (D:7)
  Sigmund (D:6)
  3 steam dragons (D:7)
  2 water moccasins
  An orc warrior (D:7)
  2 ogres
  3 bullfrogs
  4 wights
  2 howler monkeys
  2 crimson imps
  A centaur zombie (D:6)
  2 bullfrog skeletons
  3 hounds
  An orc priest (D:3)
  2 iguanas (D:7)
  2 orc wizards
  10 worker ants
  A hound zombie (D:7)
  A howler monkey skeleton (D:7)
  A worker ant zombie (D:5)
  6 gnolls
  6 adders
  2 river rats (D:4)
  4 shadow imps
  An adder skeleton (D:7)
  6 worms
  4 dart slugs
  4 leopard geckos
  17 orcs
  8 bats
  6 giant cockroaches
  9 goblins
  11 hobgoblins
  5 jackals
  3 quokkas
  3 ball pythons
  8 frilled lizards
  7 kobolds
  10 rats
167 creatures vanquished.

Vanquished Creatures (others)
  A jackal (D:7)
1 creature vanquished.

Grand Total: 168 creatures vanquished

Notes
Turn   | Place    | Note
-------+----------+-------------------------------------------
     0 | D:1      | Imdi the Formicid Fighter began the quest for the Orb.
     0 | D:1      | Reached XP level 1. HP: 18/18 MP: 1/1
   126 | D:1      | Reached XP level 2. HP: 24/24 MP: 2/2
   176 | D:1      | Reached XP level 3. HP: 29/29 MP: 3/3
   854 | D:2      | Reached skill level 3 in Axes
   854 | D:2      | Reached XP level 4. HP: 28/37 MP: 4/4
  2100 | D:3      | Found a white marble altar of Elyvilon.
  2161 | D:3      | Found a shimmering altar of Xom.
  2237 | D:3      | Reached XP level 5. HP: 20/42 MP: 5/5
  2731 | D:3      | Found a bloodstained altar of Trog.
  3131 | D:3      | Reached skill level 4 in Axes
  3131 | D:3      | Reached XP level 6. HP: 48/48 MP: 6/6
  3605 | D:4      | Found a glowing silver altar of Zin.
  3753 | D:4      | Reached skill level 5 in Shields
  3824 | D:4      | Found an ornate altar of the Wu Jian Council.
  3898 | D:4      | Noticed an ogre
  4093 | D:4      | Reached XP level 7. HP: 53/55 MP: 7/7
  4302 | D:5      | Entered Level 5 of the Dungeon
  4636 | D:5      | Found a staircase to the Ecumenical Temple.
  4637 | D:5      | Noticed a water moccasin
  4660 | D:5      | Killed a water moccasin
  4660 | D:5      | Reached skill level 5 in Axes
  5075 | D:5      | Reached skill level 5 in Fighting
  5080 | D:5      | Reached skill level 5 in Armour
  5104 | Temple   | Entered the Ecumenical Temple
  5368 | D:5      | Reached XP level 8. HP: 62/62 MP: 8/8
  5483 | D:5      | Found an iron altar of Okawaru.
  5492 | D:5      | Became a worshipper of Warmaster Okawaru
  5597 | D:5      | Found Vumedomo's Armour Emporium.
  5607 | D:5      | Bought a +0 pair of gloves for 63 gold pieces
  5607 | D:5      | Bought a +0 large shield for 63 gold pieces
  5894 | D:6      | Noticed Sigmund
  5902 | D:6      | Killed Sigmund
  5913 | D:6      | Found a burning altar of Makhleb.
  6075 | D:6      | Reached skill level 6 in Axes
  6088 | D:6      | Noticed Grinder
  6121 | D:6      | Killed Grinder
  6230 | D:6      | Noticed davido123's ghost (novice TrBe)
  6250 | D:6      | Killed davido123's ghost
  6250 | D:6      | Reached * piety under Okawaru
  6250 | D:6      | Reached skill level 7 in Axes
  6250 | D:6      | Reached XP level 9. HP: 41/69 MP: 9/9
  7157 | D:7      | Reached ** piety under Okawaru
  7212 | D:7      | Reached skill level 8 in Axes
  7626 | D:7      | Reached XP level 10. HP: 57/79 MP: 10/10
  8386 | D:7      | Reached skill level 9 in Axes
  8414 | D:7      | Splashed by an acid dragon's acid

Skill      XL: |  1  2  3  4  5  6  7  8  9 10 |
---------------+-------------------------------+-----
Shields        | 4 5 6 7 8 |  8.2
Axes           | 3 4 5 7 8 9 |  9.0
Fighting       | 4 5 6 7 |  7.5
Armour         | 4 5 6 7 |  7.5

Action                   |  1- 3 |  4- 6 |  7- 9 | 10-12 || total
-------------------------+-------+-------+-------+-------++-------
Melee: War axe           |    91 |   226 |   321 |    80 ||   718
 Fire: Hunting sling     |       |       |    48 |     8 ||    56
 Abil: Dig               |       |     2 |     5 |       ||     7
  Use: Potion            |       |     1 |     2 |     1 ||     4
       Scroll            |       |     6 |     4 |       ||    10
 Stab: Invisible         |       |       |       |     1 ||     1
  Eat: Chunk             |       |     8 |     9 |     2 ||    19
       Ration            |       |     1 |     1 |       ||     2
Armor: Scale mail        |    39 |    39 |       |       ||    78
       Chain mail        |       |    43 |   114 |    27 ||   184
Dodge: Dodged            |    33 |    66 |    57 |    13 ||   169
Block: Shield            |    55 |   116 |    54 |       ||   225
       Large shield      |       |       |   208 |    80 ||   288
